 Dungeon Crawl Stone Soup version 0.30.1-9-gdf580d7c3d (webtiles) character file.

Game seed: 17645016550677135040

12730 croobank the Covert (level 11, -3/90 HPs)
             Began as a Gnoll Delver on Sept 24, 2023.
             Was an Initiate of Gozag.
             Succumbed to a cane toad's poison
             ... on level 9 of the Dungeon.
             The game lasted 00:53:54 (15445 turns).

croobank the Covert (Gnoll Delver)                 Turns: 15445, Time: 00:53:55

Health: -3/90      AC:  4    Str: 12    XL:     11   Next: 97%
Magic:  17/21      EV: 14    Int: 14    God:    Gozag
Gold:   647        SH:  8    Dex: 11    Spells: 18/24 levels left

rFire   + + +        j - +0 whip (flame)
rCold   x x .        G - +3 buckler
rNeg    . . .        r - +2 robe {Archmagi}
rPois   .            (helmet restricted)
rElec   .            (no cloak)
rCorr   .            (no gloves)
SInv    .            (no boots)
Will    .....        P - amulet of magic regeneration
Stlth   +++++        A - ring of fire
HPRegen 0.35/turn    U - ring of fire
MPRegen 0.57/turn

%: archmagi
@: lethally poisoned (-3 -> -24), gold aura
A: fangs 1, strong nose, distributed training, horns 1, clumsy 1, fire
resistance 1, subdued magic 1
a: Renounce Religion, Potion Petition, Call Merchant, Bribe Branch


You were on level 9 of the Dungeon.
You worshipped Gozag.
Gozag was pleased with you.
You visited 2 branches of the dungeon, and saw 11 of its levels.
You also visited: Sewer and Ossuary.

You collected 2364 gold pieces.
You spent 308 gold pieces at shops.
You paid 1409 gold pieces to Gozag.

Inventory:

Hand Weapons
 a - a +1 short sword
 b - a +0 sling
 c - a +0 dagger
 f - the +3 whip of Misery {speed, rElec rPois Str-2 Dex+4}
   (You found it on level 3 of the Dungeon)

   Str:       It affects your strength (-2).
   Dex:       It affects your dexterity (+4).
   rElec:     It insulates you from electricity.
   rPois:     It protects you from poison.
 g - a +0 trident
 j - a +0 whip of flaming (weapon)
 u - a +0 war axe
 w - the +5 Force Lance {heavy, knockback}
   (You found it on level 8 of the Dungeon)
 B - a +2 whip of venom
 V - a +0 morningstar of holy wrath
Missiles
 h - 21 poisoned darts
 I - 7 curare-tipped darts (quivered)
 J - 7 boomerangs
Armour
 d - a +1 leather armour
 r - a +2 robe of the Archmagi (worn)
 G - a +3 buckler (worn)
 S - +0 acid dragon scales
Jewellery
 m - a +6 ring of intelligence
 q - a ring of see invisible
 A - a ring of fire (left hand)
 P - an amulet of magic regeneration (around neck)
 U - a ring of fire (right hand)
Wands
 e - a wand of iceblast (30)
 i - a wand of flame (60)
 y - a wand of polymorph (6)
 E - a wand of mindburst (9)
 R - a wand of quicksilver (10)
 T - a wand of digging (7)
Scrolls
 k - 2 scrolls of fear
 n - a scroll of blinking
 o - 6 scrolls of vulnerability
 p - 3 scrolls of immolation
 v - a scroll of fog
 z - 3 scrolls of teleportation
 C - a scroll of amnesia
 K - a scroll of enchant armour
 N - a scroll of silence
 O - a scroll of enchant weapon
Potions
 l - a potion of magic
 s - 4 potions of lignification
 t - 4 potions of brilliance
 x - a potion of ambrosia
 D - 3 potions of curing
 F - 2 potions of attraction
 H - a potion of invisibility
 L - 2 potions of cancellation
 M - 2 potions of might
 Q - a potion of resistance


   Skills:
 + Level 9.7 Fighting
 + Level 8.5 Short Blades
 + Level 7.0 Long Blades
 + Level 7.0 Axes
 + Level 7.0 Maces & Flails
 + Level 7.0 Polearms
 + Level 7.0 Staves
 + Level 7.0 Ranged Weapons
 + Level 7.0 Throwing
 + Level 7.0 Armour
 + Level 8.5 Dodging
 + Level 11.8 Stealth
 + Level 7.0 Shields
 + Level 7.0 Unarmed Combat
 + Level 7.0 Spellcasting
 + Level 5.8 Conjurations
 + Level 5.8 Hexes
 + Level 5.8 Summonings
 + Level 5.8 Necromancy
 + Level 5.8 Translocations
 + Level 5.8 Transmutations
 + Level 5.8 Fire Magic
 + Level 5.8 Ice Magic
 + Level 5.8 Air Magic
 + Level 5.8 Earth Magic
 + Level 5.8 Poison Magic
 + Level 7.7 Invocations
 + Level 7.0 Evocations


You had 18 spell levels left.
You knew the following spells:

 Your Spells              Type           Power      Damage    Failure   Level
a - Stone Arrow           Conj/Erth      48%        3d10      3%          3
b - Ozocubu's Armour      Ice            24%        N/A       3%          3

Your spell library contained the following spells:

 Spells                   Type           Power      Damage    Failure   Level
 Ensorcelled Hibernation  Hex/Ice        48%        N/A       1%          2
 Passwall                 Tmut/Erth      20%        N/A       1%          2
 Swiftness                Air            24%        N/A       3%          3
 Animate Armour           Summ/Erth      48%        N/A       14%         4
 Summon Lightning Spire   Summ/Air       24%        N/A       14%         4
 Metabolic Englaciation   Hex/Ice        12%        N/A       38%         5
 Storm Form               Tmut/Air       12%        N/A       100%        7
 Lehudib's Crystal Spear  Conj/Erth      12%        10d4      100%        8
 Maxwell's Capacitive Co  Air            12%        ∞         100%        8
 Simulacrum               Ice/Necr       Unusable   N/A       N/A         6

Dungeon Overview and Level Annotations

Branches:
Dungeon (10/15)            Temple (0/1) D:4            Lair (1/5) D:9
  Sewer (visited)         Ossuary (visited)
    Orc: D:9-12

Altars:
Elyvilon
Gozag
Makhleb
Nemelex Xobeh
Okawaru
Xom
Lugonu

Shops:
D:8 !

Portals:
Abyss: D:7

Annotations:
D:7 2 transporters, Rem's ghost, novice OpTm


Innate Abilities, Weirdness & Mutations

You have very sharp teeth.
Your uncanny sense of smell can sniff out nearby items.
Your experience applies equally to all skills.
You have a pair of small horns on your head.
You are clumsy. (Dex -2)
Your flesh is heat resistant. (rF+)
Your spells are a little easier to cast, but a little less powerful.


Message History

The cane toad stings you!
You are more poisoned.
The cane toad poisons you!
You hit the cane toad but do no damage.
You headbutt the cane toad, but do no damage.
The cane toad is moderately wounded.
You feel very sick.
You hit the cane toad. You burn the cane toad.
You bite the cane toad, but do no damage.
The cane toad is moderately wounded.
You feel very sick. You block the cane toad's attack.
Cast which spell? (? or * to list)
You don't know that spell.
Okay, then.
Cast which spell? (? or * to list)
Aiming: Stone Arrow (mildly dangerous; 3% risk of failure)
Press: ? - help, Shift-Dir - straight line, f - cane toad
Aim: a cane toad (moderately wounded, 75% to hit)
You feel a surge of power!
The stone arrow hits the cane toad!
The cane toad is almost dead.
You feel very sick. The cane toad stings you!!
* * * LOW HITPOINT WARNING * * *
You are lethally poisoned!
The cane toad poisons you! The cane toad stings you!
* * * LOW HITPOINT WARNING * * *
You feel better. The cane toad stings you!
* * * LOW HITPOINT WARNING * * *
You are lethally poisoned!
The cane toad poisons you!
Casting: Stone Arrow (mildly dangerous; 3% risk of failure)
Confirm with . or Enter, or press ? or * to list all spells.
Aiming: Stone Arrow (mildly dangerous; 3% risk of failure)
Press: ? - help, Shift-Dir - straight line, f/p - cane toad
Aim: a cane toad (almost dead, 75% to hit)
You feel a surge of power!
The stone arrow hits the cane toad!
You kill the cane toad!
You die...
Your body crumbles into a pile of gold.

########################
#............<...)......
#.###########.######.###
#.##PPPPP## #.# #.#
#.#..P....# #.# #.#
#.#PP..$.P# #.# #.#
#...P..@..# #.# #.#
#.........# #.# #.#
#.....PP..###.######.###
#.....PP..#............)
#.....P.P.#...........##
#.#...PPP.#...........#
#.#.......#...........#
#.##.....##...........#
#.###...###.....>.....#


There were no monsters in sight!

Vanquished Creatures
  A two-headed ogre (D:9)
  Pikel (D:6)
  4 molten gargoyles (D:10)
  Maggie (D:8)
  A gargoyle (D:10)
  A cane toad (D:9)
  A komodo dragon (D:9)
  Psyche (D:8)
  A burning bush (Lair:1)
  Prince Ribbit (D:7)
  2 trolls
  Sigmund (D:6)
  A shadow (D:9)
  A wyvern (D:10)
  17 yaks
  A water moccasin (D:7)
  Duvessa (D:5)
  2 orc warriors
  7 ice beasts
  An ogre (D:4)
  3 centaurs
  3 lemures (D:6)
  A phantom (D:7)
  An elf zombie (D:8)
  4 kobold brigands
  3 bullfrogs
  A gnoll sergeant (D:7)
  An elf skeleton (D:8)
  16 scorpions
  A wight (D:9)
  20 killer bees
  Dowan (D:5)
  An electric eel (Lair:1)
  2 howler monkeys (D:6)
  A centaur zombie (Ossuary)
  5 hounds
  6 human zombies (Ossuary)
  3 jellies
  An orc priest (D:9)
  3 scorpion zombies (Ossuary)
  2 sleepcaps
  Terence (D:5)
  2 human skeletons (D:8)
  2 iguanas
  4 orc wizards
  3 mummies (Ossuary)
  15 gnolls
  11 adders
  2 river rats (Sewer)
  A shadow imp (D:8)
  4 white imps
  28 orcs
  11 ball pythons
  6 endoplasms
  4 giant cockroaches
  9 goblins
  12 hobgoblins
  7 jackals (Sewer)
  19 kobolds
  9 quokkas
  5 bats
  7 frilled lizards
  2 goblin zombies (Ossuary)
  4 hobgoblin zombies (Ossuary)
  3 kobold zombies (Ossuary)
  7 orc zombies
  5 rats
  A lurking horror (D:7)
310 creatures vanquished.

Vanquished Creatures (others)
  Maurice (D:8)
  2 lurking horrors (D:7)
3 creatures vanquished.

Grand Total: 313 creatures vanquished

Notes
Turn   | Place    | Note
-------+----------+-------------------------------------------
     0 | D:5      | Reached skill level 9 in Stealth
     0 | D:5      | croobank the Gnoll Delver began the quest for the Orb.
     0 | D:5      | Reached XP level 1. HP: 23/23 MP: 1/1
    54 | D:6      | Noticed Duvessa
    54 | D:6      | Noticed Dowan
    54 | D:6      | Noticed Sigmund
   101 | D:4      | Noticed a jelly
   106 | D:4      | Noticed a scorpion
   121 | D:3      | Killed a scorpion
   122 | D:3      | Reached skill level 1 in Long Blades
   122 | D:3      | Reached skill level 1 in Axes
   122 | D:3      | Reached skill level 1 in Maces & Flails
   122 | D:3      | Reached skill level 1 in Polearms
   122 | D:3      | Reached skill level 1 in Staves
   122 | D:3      | Reached skill level 1 in Ranged Weapons
   122 | D:3      | Reached skill level 1 in Throwing
   122 | D:3      | Reached skill level 1 in Armour
   122 | D:3      | Reached skill level 1 in Shields
   122 | D:3      | Reached skill level 1 in Unarmed Combat
   122 | D:3      | Reached skill level 1 in Spellcasting
   122 | D:3      | Reached skill level 1 in Invocations
   122 | D:3      | Reached skill level 1 in Evocations
   122 | D:3      | Reached XP level 2. HP: 29/29 MP: 1/3
   122 | D:3      | Reached XP level 3. HP: 35/35 MP: 1/4
   122 | D:3      | Reached XP level 4. HP: 41/41 MP: 1/5
   157 | D:3      | Found a sparkling altar of Nemelex Xobeh.
   319 | D:3      | Noticed Terence
   407 | D:4      | Noticed a scorpion
   420 | D:4      | Reached skill level 1 in Conjurations
   420 | D:4      | Reached skill level 1 in Hexes
   420 | D:4      | Reached skill level 1 in Summonings
   420 | D:4      | Reached skill level 1 in Necromancy
   420 | D:4      | Reached skill level 1 in Translocations
   420 | D:4      | Reached skill level 1 in Transmutations
   420 | D:4      | Reached skill level 1 in Fire Magic
   420 | D:4      | Reached skill level 1 in Ice Magic
   420 | D:4      | Reached skill level 1 in Air Magic
   420 | D:4      | Reached skill level 1 in Earth Magic
   420 | D:4      | Reached skill level 1 in Poison Magic
   439 | D:4      | Killed a scorpion
   440 | D:4      | Reached XP level 5. HP: 12/47 MP: 5/7
   532 | D:4      | Noticed an ice beast
   666 | D:4      | Found an iron altar of Okawaru.
   678 | D:4      | Found a staircase to the Ecumenical Temple.
   708 | D:4      | Found a glowing drain.
   717 | Sewer    | Entered a sewer
   859 | Sewer    | Noticed a kobold brigand
   882 | Sewer    | Killed a kobold brigand
   883 | Sewer    | Reached XP level 6. HP: 20/53 MP: 8/8
  1029 | Sewer    | Reached skill level 5 in Short Blades
  1029 | Sewer    | Reached skill level 5 in Dodging
  1537 | Sewer    | Reached XP level 7. HP: 45/59 MP: 10/10
  2429 | D:3      | Identified the +3 whip of Misery {speed, rElec rPois Str-2
                  | Dex+4}
  4034 | D:1      | Learned a level 3 spell: Stone Arrow
  4285 | D:3      | Found an opulent altar of Gozag.
  4292 | D:3      | Became a worshipper of Gozag Ym Sagoz the Greedy
  4511 | D:3      | Found a white marble altar of Elyvilon.
  4624 | D:4      | Reached skill level 10 in Stealth
  5099 | D:4      | Reached XP level 8. HP: 67/67 MP: 12/12
  5387 | D:5      | Killed Duvessa
  5389 | D:5      | Killed Dowan
  5428 | D:5      | Killed Terence
  6004 | D:6      | Killed Sigmund
  6110 | D:6      | Reached XP level 9. HP: 67/73 MP: 14/14
  6144 | D:6      | Noticed Pikel
  6673 | D:6      | HP: 1/74 [lemure[Pikel] (6)]
  7028 | D:6      | Killed Pikel
  7129 | D:7      | Noticed a hornet
  7205 | D:7      | Found a transporter.
  7205 | D:7      | Found a transporter.
  7261 | D:7      | Noticed Prince Ribbit
  7277 | D:7      | Killed Prince Ribbit
  7278 | D:7      | Reached skill level 5 in Invocations
  7881 | D:7      | Found a corrupted altar of Lugonu.
  7882 | D:7      | Found a one-way gate to the infinite horrors of the Abyss.
  8382 | D:7      | Reached skill level 5 in Long Blades
  8382 | D:7      | Reached skill level 5 in Axes
  8382 | D:7      | Reached skill level 5 in Maces & Flails
  8382 | D:7      | Reached skill level 5 in Polearms
  8382 | D:7      | Reached skill level 5 in Staves
  8382 | D:7      | Reached skill level 5 in Ranged Weapons
  8382 | D:7      | Reached skill level 5 in Throwing
  8382 | D:7      | Reached skill level 5 in Armour
  8382 | D:7      | Reached skill level 5 in Shields
  8382 | D:7      | Reached skill level 5 in Unarmed Combat
  8382 | D:7      | Reached skill level 5 in Spellcasting
  8382 | D:7      | Reached skill level 5 in Evocations
  8382 | D:7      | Reached XP level 10. HP: 58/81 MP: 17/17
  8585 | D:7      | Noticed Rem's ghost (novice OpTm)
  8646 | D:8      | Found Uryschue's Distillery.
  8652 | D:8      | Bought a potion of heal wounds for 55 gold pieces
  8652 | D:8      | Bought a potion of berserk rage for 55 gold pieces
  8652 | D:8      | Bought a potion of flight for 33 gold pieces
  8673 | D:8      | Found the +5 Force Lance {heavy, knockback}
  8778 | D:8      | Noticed Maurice
  8880 | D:8      | Found a burning altar of Makhleb.
  8903 | D:8      | Noticed Psyche
  8916 | D:8      | Killed Psyche
  8947 | D:8      | Reached skill level 11 in Stealth
  8948 | D:8      | Killed Maurice
  9055 | D:8      | Gained mutation: You are clumsy. (Dex -2) [potion of
                  | mutation]
  9055 | D:8      | Gained mutation: You are very clumsy. (Dex -4) [potion of
                  | mutation]
  9056 | D:8      | Lost mutation: You are very clumsy. (Dex -4) [potion of
                  | mutation]
  9056 | D:8      | Lost mutation: You are clumsy. (Dex -2) [potion of
                  | mutation]
  9056 | D:8      | Gained mutation: You are clumsy. (Dex -2) [potion of
                  | mutation]
  9056 | D:8      | Gained mutation: Your spells are a little easier to cast,
                  | but a little less powerful. [potion of mutation]
  9056 | D:8      | Gained mutation: You have a pair of small horns on your
                  | head. [potion of mutation]
  9056 | D:8      | Gained mutation: Your flesh is heat resistant. (rF+)
                  | [potion of mutation]
  9229 | D:8      | Found a sand-covered staircase.
  9246 | Ossuary  | Entered an ossuary
  9750 | Ossuary  | Learned a level 3 spell: Ozocubu's Armour
 10064 | D:8      | Noticed Maggie
 10080 | D:8      | Killed Maggie
 10456 | D:9      | Found a shimmering altar of Xom.
 10463 | D:9      | Reached skill level 5 in Conjurations
 10463 | D:9      | Reached skill level 5 in Hexes
 10463 | D:9      | Reached skill level 5 in Summonings
 10463 | D:9      | Reached skill level 5 in Necromancy
 10463 | D:9      | Reached skill level 5 in Translocations
 10463 | D:9      | Reached skill level 5 in Transmutations
 10463 | D:9      | Reached skill level 5 in Fire Magic
 10463 | D:9      | Reached skill level 5 in Ice Magic
 10463 | D:9      | Reached skill level 5 in Air Magic
 10463 | D:9      | Reached skill level 5 in Earth Magic
 10463 | D:9      | Reached skill level 5 in Poison Magic
 10463 | D:9      | Reached XP level 11. HP: 47/89 MP: 20/20
 10965 | D:8      | Bought a potion of might for 44 gold pieces
 10965 | D:8      | Bought a potion of might for 44 gold pieces
 10965 | D:8      | Bought a potion of curing for 33 gold pieces
 10965 | D:8      | Bought a potion of might for 44 gold pieces
 11117 | D:9      | Found a staircase to the Lair.
 11683 | D:9      | Noticed a two-headed ogre
 11700 | D:9      | Killed a two-headed ogre
 12182 | D:10     | Entered Level 10 of the Dungeon
 13860 | D:10     | HP: 3/89 [molten gargoyle/bolt of magma (15)]
 15209 | Lair:1   | Entered Level 1 of the Lair of Beasts
 15444 | D:9      | HP: 2/90 [cane toad (12)]
 15445 | D:9      | Succumbed to a cane toad's poison

Illustrated notes

Levels and vault maps discovered:
D:1:      ldierk_walled_garden_2, layout_basic, chequers_serial_rivers_micro_c
D:2:      layout_rooms
D:3:      layout_rooms, nicolae_overflow_crystal_walls,
          mainiacjoe_overflow_surrounded_room, mainiacjoe_overflow_alcove_1,
          chequers_serial_rivers_large_b, uniq_terence
D:4:      layout_cave_pods, okawaru_gym_becter, minmay_temple_entry_wispy,
          gup_sewer_entry_pipe
D:5:      layout_basic, minmay_crystal_water, kennysheep_cross_room
D:6:      layout_cave_pools, uniq_duvessa, uniq_pikel, uniq_sigmund
D:7:      corexii_shantytown, layout_basic, enter_bailey_5,
          gammafunk_ghost_hive, amcnicky_altar_lugonu_corruption,
          uniq_prince_ribbit1
D:8:      hellmonk_destroyed_diamonds, layout_loops_ring, bloody_makhleb,
          serial_shops, shop, nicolae_ossuary_entry_catacombs,
          kennysheep_generic_room_16, uniq_maggie, uniq_psyche, uniq_maurice
D:9:      layout_small_grid, mainiacjoe_overflow_24_doors, david_lair_shrubbed,
          kennysheep_generic_room_7
D:10:     layout_cave_pods, minivault_8
Lair:1:   layout_long_grid, evilmike_ambush [evilmike_ambush_outer_doors,
          evilmike_ambush_inner_pond], infiniplex_staircase_pool,
          grunt_megastairs_4, uniq_amaemon, uniq_erica, uniq_urug,
          uniq_gastronok

Skill      XL: |  1  2  3  4  5  6  7  8  9 10 11 |
---------------+----------------------------------+-----
Stealth        | 10 11 | 11.8
Long Blades    | 1 2 3 5 6 7 |  7.0
Axes           | 1 2 3 5 6 7 |  7.0
Maces & Flails | 1 2 3 5 6 7 |  7.0
Polearms       | 1 2 3 5 6 7 |  7.0
Staves         | 1 2 3 5 6 7 |  7.0
Ranged Weapons | 1 2 3 5 6 7 |  7.0
Throwing       | 1 2 3 5 6 7 |  7.0
Armour         | 1 2 3 5 6 7 |  7.0
Shields        | 1 2 3 5 6 7 |  7.0
Unarmed Combat | 1 2 3 5 6 7 |  7.0
Spellcasting   | 1 2 3 5 6 7 |  7.0
Invocations    | 1 2 3 4 5 6 7 |  7.7
Evocations     | 1 2 3 5 6 7 |  7.0
Conjurations   | 1 2 3 4 5 |  5.8
Hexes          | 1 2 3 4 5 |  5.8
Summonings     | 1 2 3 4 5 |  5.8
Necromancy     | 1 2 3 4 5 |  5.8
Translocations | 1 2 3 4 5 |  5.8
Transmutations | 1 2 3 4 5 |  5.8
Fire Magic     | 1 2 3 4 5 |  5.8
Ice Magic      | 1 2 3 4 5 |  5.8
Air Magic      | 1 2 3 4 5 |  5.8
Earth Magic    | 1 2 3 4 5 |  5.8
Poison Magic   | 1 2 3 4 5 |  5.8
Short Blades   | 5 6 7 8 |  8.5
Dodging        | 5 6 7 8 |  8.5
Fighting       | 7 8 9 |  9.7

Action                     |  1- 3 |  4- 6 |  7- 9 | 10-12 || total
---------------------------+-------+-------+-------+-------++-------
  Melee: Short sword       |     8 |   190 |   109 |       ||   307
         Bite              |     2 |    19 |    64 |    52 ||   137
         Punch             |       |     3 |    20 |       ||    23
         Whip              |       |       |   345 |   305 ||   650
         Dagger            |       |       |   145 |     1 ||   146
         Lance             |       |       |       |   287 ||   287
         Headbutt          |       |       |       |    91 ||    91
  Throw: Dart              |       |     3 |    20 |     7 ||    30
         Throwing net      |       |       |       |     3 ||     3
   Cast: Stone Arrow       |       |       |    15 |     5 ||    20
         Ozocubu's Armour  |       |       |       |     3 ||     3
 Invoke: Potion Petition   |       |       |       |     2 ||     2
  Evoke: Wand              |     4 |    10 |    18 |    13 ||    45
    Use: Scroll            |     3 |     1 |    15 |     9 ||    28
         Potion            |     1 |     2 |     3 |    17 ||    23
   Stab: Sleeping          |     1 |     4 |    39 |    12 ||    56
         Distracted        |       |     1 |     4 |     7 ||    12
 Armour: Leather armour    |     3 |    25 |    59 |       ||    87
         Robe              |       |       |    30 |    71 ||   101
  Dodge: Dodged            |    10 |   116 |   321 |   248 ||   695
  Block: Buckler           |       |       |       |   188 ||   188
